[Event "Titled Tuesday Blitz October 11 Late 2022"]
[White "Aarav Dengla"]
[Black "Averjanov, Alexey"]
[WhiteFideId "45059756"]
[BlackFideId "14109867"]
[WhiteElo "2257"]
[BlackElo "2673"]
[Result "1/2-1/2"]
[Round "01"]
[TimeControl "180+1"]
[Date "2022.10.12"]
[WhiteClock "0:00:12"]
[BlackClock "0:01:13"]

1. e4 c6 2. d4 d5 3. exd5 cxd5 4. Bd3 Nc6 5. c3 Qc7 6. h3 g6 7. Qc2 Nh6 8. Nf3 Bf5 9. O-O Bxd3 10. Qxd3 Nf5 11. Re1 Bg7 12. Nbd2 O-O 13. Nf1 Rab8 14. Ne3 Nxe3 15. Bxe3 b5 16. Nd2 b4 17. Nb3 bxc3 18. bxc3 Na5 19. Nc5 Qc6 20. Bf4 Rbe8 21. Nb3 Nc4 22. Re2 e6 23. h4 e5 24. dxe5 Nxe5 25. Bxe5 Rxe5 26. Rxe5 Bxe5 27. Nd4 Qc5 28. Re1 Bf6 29. g3 Rc8 30. Re3 h5 31. Ne2 Kg7 32. Nf4 d4 33. cxd4 Bxd4 34. Re2 Rd8 35. Kg2 Rd6 36. Rc2 Qe5 37. Re2 Qf6 38. Qf3 Be5 39. Nh3 Qxf3+ 40. Kxf3 Kf6 41. Ng5 Rd3+ 42. Kg2 Bd4 43. Ne4+ Kg7 44. Ng5 Bf6 45. Ne4 Ra3 46. Nxf6 Kxf6 47. f3 Kf5 48. Kf2 a5 49. Rb2 a4 50. Re2 f6 51. Rb2 g5 52. hxg5 Kxg5 53. Rb5+ f5 54. Rb2 Rc3 55. Kg2 a3 56. Rd2 Rc5 57. Kh3 f4 58. gxf4+ Kxf4 59. Rd3 h4 60. Rxa3 Rc1 61. Ra4+ Kxf3 62. Kxh4 Ke3 63. Rb4 Kd3 64. a4 Kc3 65. Rf4 Ra1 66. Kg4 Kb3 67. Kf5 Re1 68. Re4 Rd1 69. Ke5 Rd8 70. Rd4 Rc8 71. Kd5 Rc7 72. Kd6 Rc8 73. a5 Ra8 74. Rd5 Kc4 75. Kc6 Ra6+ 76. Kb7 Kxd5 77. Kxa6 Kc6 78. Ka7 Kc7 79. a6 Kc8 80. Kb6 Kb8 81. a7+ Ka8 82. Ka6 1/2-1/2


[Site "https://www.chess.com"]

[Event "Titled Tuesday Blitz October 11 Late 2022"]
[White "Adury, Anant"]
[Black "Czernek, Tymon"]
[WhiteFideId "30964687"]
[BlackFideId "1199510"]
[WhiteElo "2300"]
[BlackElo "2240"]
[Result "1-0"]
[Round "01"]
[TimeControl "180+1"]
[Date "2022.10.12"]
[WhiteClock "0:00:25"]
[BlackClock "0:00:44"]

1. Nf3 Nf6 2. g3 g6 3. Bg2 Bg7 4. O-O O-O 5. c4 d6 6. Nc3 e5 7. d3 c6 8. Rb1 a5 9. a3 Qe7 10. Nd2 Rd8 11. Nde4 Nxe4 12. Nxe4 d5 13. cxd5 cxd5 14. Nc3 Be6 15. e4 d4 16. Nd5 Bxd5 17. exd5 Nd7 18. d6 Qxd6 19. Bxb7 Rab8 20. Bg2 Nc5 21. Bd2 Nb3 22. Re1 Rdc8 23. Bh3 Rc7 24. Bf1 h5 25. f4 Nxd2 26. Qxd2 exf4 27. Qxf4 Qxf4 28. gxf4 Rc2 29. Re2 Rxe2 30. Bxe2 Bh6 31. f5 Be3+ 32. Kg2 gxf5 33. Bxh5 Kg7 34. b4 axb4 35. axb4 f4 36. b5 f5 37. b6 Kf6 38. b7 Ke5 39. Bf3 Kd6 40. h4 Rg8+ 41. Kh2 Kc7 42. h5 Kb8 43. Ra1 Kc7 44. Ra8 1-0


[Site "https://www.chess.com"]

[Event "Titled Tuesday Blitz October 11 Late 2022"]
[White "Aghasiyev, Kamal"]
[Black "Rodriguez Santiago, Jaime"]
[WhiteFideId "13402854"]
[BlackFideId "3100898"]
[WhiteElo "2341"]
[BlackElo "2025"]
[Result "1-0"]
[Round "01"]
[TimeControl "180+1"]
[Date "2022.10.12"]
[WhiteClock "0:00:46"]
[BlackClock "0:01:05"]

1. d4 d5 2. Nf3 Nf6 3. c4 e6 4. Nc3 c5 5. e3 dxc4 6. Bxc4 Nc6 7. O-O Bd6 8. Qe2 cxd4 9. exd4 O-O 10. Bg5 h6 11. Bh4 Be7 12. Rad1 Qb6 13. a3 a6 14. Ba2 Re8 15. Rd3 Qa7 16. Rfd1 b5 17. Ne5 Nxe5 18. dxe5 Nh7 19. Bxe7 Rxe7 20. Rd8+ Nf8 21. Ne4 Bb7 22. Bb1 Rxd8 23. Rxd8 Rd7 24. Rxd7 Nxd7 25. Nd6 Bd5 26. Qc2 g6 27. Qc8+ Kg7 28. Ne8+ Kh7 29. Qxd7 Qxd7 30. Nf6+ Kg7 31. Nxd7 g5 32. b4 h5 33. Nc5 1-0


[Site "https://www.chess.com"]

[Event "Titled Tuesday Blitz October 11 Late 2022"]
[White "Aguilar, Juan"]
[Black "Nasuta, Grzegorz"]
[WhiteFideId "3800091"]
[BlackFideId "1141686"]
[WhiteElo "2373"]
[BlackElo "2442"]
[Result "0-1"]
[Round "01"]
[TimeControl "180+1"]
[Date "2022.10.12"]
[WhiteClock "0:00:02"]
[BlackClock "0:00:20"]

1. d4 d5 2. c4 e6 3. Nf3 c6 4. Qc2 dxc4 5. e4 b5 6. b3 cxb3 7. axb3 Bb7 8. Bd2 a5 9. Bd3 Nf6 10. O-O Nbd7 11. Nc3 b4 12. Na4 Be7 13. Rfc1 h6 14. e5 Nd5 15. Bf1 Rc8 16. Qe4 c5 17. Qg4 Kf8 18. dxc5 Nxc5 19. Nxc5 Bxc5 20. Be1 Ne3 21. Qf4 Nxf1 22. Kxf1 g5 23. Qf6 Qxf6 24. exf6 Bb6 25. Rxc8+ Bxc8 26. Rc1 Bb7 27. Ne5 Ke8 28. Rd1 Bd8 29. Nc4 Ba6 30. Kg1 Bxc4 31. bxc4 Bxf6 32. Rd6 Ke7 33. Ra6 Bc3 34. Bxc3 bxc3 35. Rxa5 c2 36. Ra7+ Kf6 37. Ra1 Rb8 0-1


[Site "https://www.chess.com"]

[Event "Titled Tuesday Blitz October 11 Late 2022"]
[White "Al Hosani, Omran"]
[Black "Onslow, Alfie"]
[WhiteFideId "9308733"]
[BlackFideId "436976"]
[WhiteElo "2167"]
[BlackElo "2015"]
[Result "0-1"]
[Round "01"]
[TimeControl "180+1"]
[Date "2022.10.12"]
[WhiteClock "0:00:58"]
[BlackClock "0:00:11"]

1. e4 g6 2. d4 Bg7 3. Nc3 c6 4. Nf3 d5 5. e5 h5 6. Bd3 Nh6 7. Ne2 Bf5 8. c3 Bxd3 9. Qxd3 Nf5 10. O-O e6 11. Ng3 Nd7 12. Bg5 Qc7 13. Rae1 Bh6 14. Nxf5 gxf5 15. h4 Bxg5 16. Nxg5 Nf8 17. c4 Ng6 18. g3 Qd7 19. cxd5 Qxd5 20. Rc1 Nxe5 21. Qd1 Ng6 22. Rc5 Qd6 23. Re1 f4 24. Qb3 fxg3 25. fxg3 Qxd4+ 26. Qe3 Qxe3+ 27. Rxe3 Ke7 28. Rb3 Rab8 29. Ra5 a6 30. Rc5 f6 31. Nf3 e5 32. a4 Rhg8 33. Kf2 Kd6 34. Rc2 e4 35. Rd2+ Kc7 36. Nd4 Ne5 37. Ne6+ Kc8 38. Ke3 Nc4+ 39. Ke2 Nxd2 40. Kxd2 Kd7 41. Nc5+ Ke7 42. Nxe4 Rg4 43. Nc5 b6 44. Nxa6 Rd8+ 45. Kc2 Rxa4 46. Rxb6 Rc4+ 47. Kb3 Rg4 48. Rxc6 Rxg3+ 49. Ka2 Ra8 50. b4 Rg4 51. b5 Rxh4 52. Kb3 Rg4 53. Rc5 h4 54. Rh5 Kf7 55. Nc7 Rb8 56. Na6 Rb6 57. Nb4 Kg6 58. Rc5 h3 59. Ka4 h2 60. Ka5 h1=Q 61. Kxb6 Rxb4 62. Ka5 Rb3 63. Rc4 Qa1+ 64. Ra4 Qc3+ 65. Ka6 Qc5 66. Ra5 Qd6+ 67. Ka7 Qc5+ 68. Ka6 Ra3 69. Rxa3 Qxa3+ 70. Kb7 Qb4 71. b6 f5 72. Kc6 f4 73. b7 f3 74. Kd5 Qxb7+ 75. Kd4 f2 76. Ke3 f1=Q 77. Kd2 Qff3 78. Kc2 Qbb3+ 79. Kd2 Qb2+ 80. Ke1 Qh1# 0-1


[Site "https://www.chess.com"]

[Event "Titled Tuesday Blitz October 11 Late 2022"]
[White "Alexikov, Alexander"]
[Black "Issani, Nameer"]
[WhiteFideId "14103958"]
[BlackFideId "2619130"]
[WhiteElo "2222"]
[BlackElo "2646"]
[Result "0-1"]
[Round "01"]
[TimeControl "180+1"]
[Date "2022.10.12"]
[WhiteClock "0:00:01"]
[BlackClock "0:00:15"]

1. e4 e5 2. Nf3 Nc6 3. c3 Nf6 4. d4 exd4 5. e5 Nd5 6. Bb5 a6 7. Ba4 Be7 8. Nxd4 Nxd4 9. Qxd4 Nb6 10. Bb3 O-O 11. Bf4 d6 12. exd6 Bxd6 13. Bxd6 Qxd6 14. Qxd6 Re8+ 15. Kd2 cxd6 16. Na3 Be6 17. Rhe1 Rac8 18. Rad1 a5 19. Kc1 d5 20. Nb5 Red8 21. a4 Kf8 22. h3 h5 23. Rd4 Ke7 24. f4 Kf6 25. Re5 g6 26. Re2 Bf5 27. Re5 Be6 28. Rg5 Nd7 29. Bxd5 Nc5 30. Bxe6 Nxe6 31. Rxd8 Rxd8 32. Re5 Nxf4 33. Re3 Nxg2 34. Rf3+ Kg7 35. Nd4 Nh4 36. Re3 g5 37. Re5 Kg6 38. Rxa5 g4 39. hxg4 hxg4 40. Rb5 g3 41. Ne2 g2 42. a5 Re8 43. Nf4+ Kf6 44. Nxg2 Nxg2 45. Rxb7 Re1+ 46. Kd2 Ra1 47. b4 Ke6 48. Kd3 f5 49. c4 f4 50. c5 Kd5 51. Ke2 Nh4 52. Rb6 Ra2+ 53. Kf1 f3 54. a6 Ke4 55. Re6+ Kf4 56. Rf6+ Kg3 57. Ke1 f2+ 58. Kd1 Rxa6 59. Rxf2 Kxf2 60. Kc2 Nf5 61. Kd3 Kf3 0-1


[Site "https://www.chess.com"]

[Event "Titled Tuesday Blitz October 11 Late 2022"]
[White "Ambartsumova, Karina"]
[Black "Eisa Mohmood, Alkhoori"]
[WhiteFideId "4166299"]
[BlackFideId "9316116"]
[WhiteElo "2299"]
[BlackElo "1245"]
[Result "1-0"]
[Round "01"]
[TimeControl "180+1"]
[Date "2022.10.12"]
[WhiteClock "0:00:06"]
[BlackClock "0:00:01"]

1. Nf3 Nf6 2. c4 g6 3. d4 Bg7 4. g3 O-O 5. Bg2 d5 6. cxd5 Nxd5 7. O-O Nb6 8. e4 e6 9. Nc3 Nc6 10. Bg5 f6 11. Be3 Nc4 12. Qe2 Nxe3 13. Qxe3 e5 14. Rad1 exd4 15. Nxd4 Nxd4 16. Rxd4 Qe7 17. Nd5 Qf7 18. Rfd1 c6 19. Nc3 Be6 20. a3 Bb3 21. Rd7 Qe8 22. R1d2 Rf7 23. Qd3 Bf8 24. Bh3 Be6 25. Bxe6 Qxe6 26. Rxf7 Qxf7 27. Qd7 Re8 28. Kg2 Qxd7 29. Rxd7 Re7 30. Rd8 Kf7 31. f4 Re8 32. Rd7+ Re7 33. Rd3 Ke8 34. Kf3 Rd7 35. Ke2 a5 36. h3 Bd6 37. Nd1 h5 38. Kf3 a4 39. Ne3 Bc7 40. Rxd7 Kxd7 41. f5 g5 42. g4 h4 43. Ke2 b5 44. Kd3 Be5 45. Kc2 Kd6 46. Nd1 Bd4 47. Kd3 Ke5 48. Ne3 Bxe3 49. Kxe3 c5 50. Kd3 b4 51. Kc4 bxa3 52. bxa3 Kxe4 53. Kxc5 Kf3 54. Kd6 Kg3 55. Ke6 Kxh3 56. Kxf6 Kxg4 57. Kg6 h3 58. f6 h2 59. f7 h1=Q 60. f8=Q Qh5+ 61. Kg7 Qh3 62. Qc8+ Kh4 63. Qh8+ Kg3 64. Qb8+ Kh4 65. Qh8+ Kg3 66. Qb8+ Kg2 67. Qa8+ Qf3 68. Qxa4 g4 69. Qc2+ Qf2 70. Qc6+ Kh2 71. Qh6+ Kg1 72. Qc1+ Qf1 73. Qc5+ Qf2 74. Qc1+ Kh2 75. Qh6+ Kg3 76. Qd6+ Qf4 77. Qd3+ Kf2 78. Qc2+ Kf3 79. a4 1-0


[Site "https://www.chess.com"]

[Event "Titled Tuesday Blitz October 11 Late 2022"]
[White "Araujo Sanchez, Josue"]
[Black "Zaloznyy, Mike"]
[WhiteFideId "6416896"]
[BlackFideId "2023075"]
[WhiteElo "2370"]
[BlackElo "2126"]
[Result "1-0"]
[Round "01"]
[TimeControl "180+1"]
[Date "2022.10.12"]
[WhiteClock "0:00:31"]
[BlackClock "0:00:01"]

1. e4 d6 2. d4 Nf6 3. Nc3 e5 4. Nge2 Be7 5. g3 Nbd7 6. Bg2 c6 7. O-O h5 8. h3 Qc7 9. a4 a5 10. Be3 O-O 11. Qd2 Re8 12. Rae1 Bf8 13. f4 Nb6 14. b3 Bd7 15. Rf2 Rad8 16. Ref1 exd4 17. Bxd4 d5 18. Bxf6 gxf6 19. Kh1 Bc5 20. Rf3 Qc8 21. exd5 Bxh3 22. Rd3 h4 23. f5 Bxf5 24. Rdf3 Re5 25. Qh6 h3 26. Qxf6 hxg2+ 27. Kxg2 Bh3+ 28. Kh2 Bxf1 29. Qxf7+ Kh8 30. Rxf1 Rde8 31. Qf6+ Kg8 32. Qg6+ Kh8 33. Qf6+ Kg8 34. Qf7+ Kh8 35. Kg2 Rxe2+ 36. Nxe2 Rxe2+ 37. Kf3 Qe8 38. Rh1+ Rh2 39. Rxh2# 1-0


[Site "https://www.chess.com"]

[Event "Titled Tuesday Blitz October 11 Late 2022"]
[White "Arnold, Ken"]
[Black "Jaracz, Pawel"]
[WhiteFideId "2056836"]
[BlackFideId "1102222"]
[WhiteElo "2356"]
[BlackElo "2459"]
[Result "0-1"]
[Round "01"]
[TimeControl "180+1"]
[Date "2022.10.12"]
[WhiteClock "0:01:36"]
[BlackClock "0:02:03"]

1. d4 Nf6 2. c4 g6 3. Nc3 d5 4. cxd5 Nxd5 5. e4 Nxc3 6. bxc3 Bg7 7. Bc4 c5 8. Be3 Nc6 9. Ne2 O-O 10. O-O Bd7 11. Rb1 Qc7 12. Bd5 e6 13. Bb3 Na5 14. Qd2 b6 15. Rfd1 cxd4 16. cxd4 Nxb3 17. axb3 Qb7 18. f3 Rac8 19. Qb4 Rfd8 20. Rd2 Bf8 0-1


[Site "https://www.chess.com"]

[Event "Titled Tuesday Blitz October 11 Late 2022"]
[White "Babazada, Khazar"]
[Black "Vivas Zamora, Fabian Ernesto"]
[WhiteFideId "13413554"]
[BlackFideId "3902480"]
[WhiteElo "2874"]
[BlackElo "2470"]
[Result "1-0"]
[Round "01"]
[TimeControl "180+1"]
[Date "2022.10.12"]
[WhiteClock "0:01:58"]
[BlackClock "0:00:31"]

1. Nf3 g6 2. e3 Bg7 3. d4 Nf6 4. c4 O-O 5. Nc3 d5 6. cxd5 Nxd5 7. Bc4 Nb6 8. Bb3 Na6 9. O-O c5 10. h3 cxd4 11. exd4 Nb4 12. a3 N4d5 13. Re1 h6 14. Bd2 Be6 15. Ne4 Nc7 16. Nc5 Bxb3 17. Qxb3 Rb8 18. Bf4 Nbd5 19. Bg3 b6 20. Nd3 Rc8 21. Nfe5 Ne6 22. Qa4 Qe8 23. Qxa7 Nxd4 24. Nd7 Nc6 25. Qb7 Bxb2 26. Rad1 Nc3 27. Nxb2 Nxd1 28. Rxd1 Rd8 29. Nxf8 Rxd1+ 30. Nxd1 Na5 31. Qxb6 1-0


[Site "https://www.chess.com"]

[Event "Titled Tuesday Blitz October 11 Late 2022"]
[White "Ballester Llagaria, Luis Eduardo"]
[Black "Chigaev, Maksim"]
[WhiteFideId "2297620"]
[BlackFideId "4108116"]
[WhiteElo "2344"]
[BlackElo "2537"]
[Result "0-1"]
[Round "01"]
[TimeControl "180+1"]
[Date "2022.10.11"]
[WhiteClock "0:00:18"]
[BlackClock "0:00:51"]

1. e4 c5 2. Nc3 e6 3. Nf3 Nc6 4. d4 cxd4 5. Nxd4 Nf6 6. Ndb5 Bc5 7. Nd6+ Ke7 8. Bf4 e5 9. Nf5+ Kf8 10. Be3 Bb4 11. Bc4 d5 12. exd5 Na5 13. Bd3 e4 14. Nxg7 Kxg7 15. Be2 Nxd5 16. Qd4+ f6 17. Rd1 Nxc3 18. bxc3 Qxd4 19. Rxd4 Bxc3+ 0-1


[Site "https://www.chess.com"]

[Event "Titled Tuesday Blitz October 11 Late 2022"]
[White "Banzea, Alexandru-Bogdan"]
[Black "Quesada Perez, Yuniesky"]
[WhiteFideId "1232622"]
[BlackFideId "3504409"]
[WhiteElo "2467"]
[BlackElo "2867"]
[Result "0-1"]
[Round "01"]
[TimeControl "180+1"]
[Date "2022.10.12"]
[WhiteClock "0:00:05"]
[BlackClock "0:00:22"]

1. d4 d5 2. Nf3 Nf6 3. Bf4 c5 4. e3 Nc6 5. Nbd2 Bg4 6. c3 e6 7. Qb3 Qc8 8. Nh4 Be7 9. h3 Bh5 10. g4 Bg6 11. Nxg6 hxg6 12. Be2 Qd7 13. Kf1 O-O 14. Kg2 Bd6 15. Bg5 Rac8 16. Rae1 Rfe8 17. Bf3 Qc7 18. Bxf6 gxf6 19. h4 cxd4 20. exd4 Bf4 21. Nf1 f5 22. h5 fxg4 23. Bxg4 g5 24. h6 Ne7 25. Ng3 Ng6 26. Nh5 Kh8 27. Nf6 Rf8 28. Qb5 Bd2 29. Rd1 Qf4 30. Qe2 Bxc3 31. Nxd5 Qd6 32. bxc3 Qxd5+ 33. Qf3 Nf4+ 34. Kg1 Rxc3 35. Qxd5 Nxd5 36. Rh3 Rxh3 37. Bxh3 Nf4 38. Bf1 Rc8 39. Rb1 Rc7 40. a4 Kh7 41. a5 Kxh6 42. a6 bxa6 43. Bxa6 Rd7 44. Rb4 Kg6 45. Bf1 f5 46. Ra4 Kf6 47. Rb4 g4 48. Ra4 Kg5 49. Rb4 Rc7 50. Ra4 Rc1 51. Rxa7 Nh3+ 52. Kg2 Rc2 53. Rg7+ Kf4 54. Bb5 Rxf2+ 55. Kh1 Kg3 0-1


[Site "https://www.chess.com"]

[Event "Titled Tuesday Blitz October 11 Late 2022"]
[White "Barash, Anton"]
[Black "Sivakumar, Shaaketh"]
[WhiteFideId "30935229"]
[BlackFideId "30940176"]
[WhiteElo "2270"]
[BlackElo "2174"]
[Result "1-0"]
[Round "01"]
[TimeControl "180+1"]
[Date "2022.10.12"]
[WhiteClock "0:00:31"]
[BlackClock "0:00:41"]

1. e4 e6 2. d4 d5 3. Nc3 Nf6 4. Bg5 Be7 5. e5 Nfd7 6. h4 h6 7. Bxe7 Qxe7 8. Qg4 O-O 9. O-O-O c5 10. f4 Nc6 11. Nf3 a6 12. Kb1 b5 13. Ne2 f5 14. Qh5 cxd4 15. Nexd4 Ndb8 16. Bd3 Bd7 17. g4 Be8 18. Qxe8 Qxe8 19. gxf5 Nxd4 20. Nxd4 exf5 21. Nxf5 Nc6 22. Rhg1 Qe6 23. Nxg7 Qh3 24. Nh5+ Kh8 25. Rg6 Nb4 26. Rdg1 Kh7 27. Rg7+ Kh8 28. Rh7# 1-0


[Site "https://www.chess.com"]

[Event "Titled Tuesday Blitz October 11 Late 2022"]
[White "Bernadskiy, Vitaliy"]
[Black "Sanchez, Robert"]
[WhiteFideId "14100371"]
[BlackFideId "2034360"]
[WhiteElo "2473"]
[BlackElo "2425"]
[Result "1-0"]
[Round "01"]
[TimeControl "180+1"]
[Date "2022.10.12"]
[WhiteClock "0:00:29"]
[BlackClock "0:00:08"]

1. d4 Nf6 2. Nf3 e6 3. c4 Bb4+ 4. Nbd2 b6 5. a3 Bxd2+ 6. Qxd2 Bb7 7. b4 O-O 8. Bb2 Ne4 9. Qc2 f5 10. Nd2 d6 11. Nxe4 Bxe4 12. Qc3 Bb7 13. d5 e5 14. e3 Nd7 15. Bd3 a5 16. O-O Qe7 17. f4 e4 18. Be2 Qf6 19. Qd2 Qg6 20. h3 Rf7 21. Kh2 Nf6 22. Rg1 h5 23. b5 Bc8 24. g3 Nd7 25. Qd1 Qh6 26. Bxh5 g6 27. Be2 Rh7 28. h4 Nc5 29. Rg2 Bd7 30. Rb1 Kf7 31. Qd4 Rf8 32. Kg1 Ke8 33. Kf2 Kd8 34. Rh1 Be8 35. Qd1 Kc8 36. Bd4 Kb7 37. Ke1 Rg8 38. Kd2 Qf8 39. Kc2 Qe7 40. Qa1 Bf7 41. Bxc5 dxc5 42. Qe5 Qd7 43. g4 Re8 44. Qf6 Rhh8 45. Qc6+ Kc8 46. Qa8# 1-0


[Site "https://www.chess.com"]

[Event "Titled Tuesday Blitz October 11 Late 2022"]
[White "Bjelobrk, Igor"]
[Black "Sailer, Mike"]
[WhiteFideId "4300726"]
[BlackFideId "2012901"]
[WhiteElo "2335"]
[BlackElo "2109"]
[Result "1-0"]
[Round "01"]
[TimeControl "180+1"]
[Date "2022.10.12"]
[WhiteClock "0:00:43"]
[BlackClock "0:00:02"]

1. Nf3 d5 2. g3 Nf6 3. Bg2 Bf5 4. c4 c6 5. O-O e6 6. d3 Be7 7. Nh4 Bg4 8. h3 Bh5 9. f4 Nbd7 10. Qe1 dxc4 11. dxc4 Nb6 12. Nd2 Nfd7 13. Nhf3 Bg6 14. Kh2 Qc7 15. e4 f6 16. b3 Bb4 17. Bb2 O-O-O 18. Qe2 Bxd2 19. Nxd2 h5 20. h4 Nc5 21. Rad1 Nd3 22. Ba1 Nb4 23. Nf3 Rxd1 24. Rxd1 Rd8 25. Nd4 e5 26. Ne6 Rxd1 27. Nxc7 Rxa1 28. Ne6 a6 29. Qd2 1-0


[Site "https://www.chess.com"]

[Event "Titled Tuesday Blitz October 11 Late 2022"]
[White "Bluebaum, Matthias"]
[Black "Senthilkumar, Pranav"]
[WhiteFideId "24651516"]
[BlackFideId "2083477"]
[WhiteElo "2633"]
[BlackElo "2505"]
[Result "1-0"]
[Round "01"]
[TimeControl "180+1"]
[Date "2022.10.11"]
[WhiteClock "0:01:01"]
[BlackClock "0:01:23"]

1. d4 Nf6 2. c4 c5 3. d5 b5 4. cxb5 a6 5. bxa6 Bxa6 6. Nc3 d6 7. e4 Bxf1 8. Kxf1 g6 9. g3 Bg7 10. Kg2 O-O 11. Nf3 Na6 12. Qe2 Nd7 13. h4 h5 14. Bg5 Re8 15. Rhc1 Qb6 16. Rab1 Ne5 17. Nxe5 Bxe5 18. b3 Nb4 19. a4 Qa6 20. Nb5 Qb7 21. Bd2 Na6 22. Qc4 Nc7 23. Nxc7 Qxc7 24. a5 Qd7 25. b4 cxb4 26. Qxb4 Reb8 27. Qxb8+ Rxb8 28. Rxb8+ Kg7 29. Bc3 Bxc3 30. Rxc3 Qa4 31. Re3 Qxa5 32. Rb7 Kf8 33. Reb3 Qa4 34. R3b4 Qc2 35. Ra7 Qd3 36. Rb8+ Kg7 37. Rxe7 Kf6 38. Rbb7 g5 39. Rxf7+ Kg6 40. Rg7+ Kf6 41. hxg5+ Ke5 42. Rbe7+ Kd4 43. Rh7 Qe2 44. g6 Qg4 45. g7 Qg5 46. Rxh5 Qxe7 47. g8=Q Qxe4+ 48. Kh2 Qe2 49. Rh4+ Kc5 50. Qc8+ Kb5 51. Qc6+ 1-0


[Site "https://www.chess.com"]

[Event "Titled Tuesday Blitz October 11 Late 2022"]
[White "Bogaudinov, Rushan"]
[Black "Reshetnikov, Alexey"]
[WhiteFideId "4129288"]
[BlackFideId "4162080"]
[WhiteElo "2433"]
[BlackElo "2792"]
[Result "1-0"]
[Round "01"]
[TimeControl "180+1"]
[Date "2022.10.12"]
[WhiteClock "0:00:17"]
[BlackClock "0:00:01"]

1. d4 Nf6 2. Nf3 d5 3. e3 c6 4. Be2 Bg4 5. O-O e6 6. c4 Nbd7 7. Nc3 Bd6 8. h3 Bh5 9. c5 Bc7 10. b4 a6 11. Bb2 O-O 12. a4 e5 13. Nxe5 Bxe2 14. Nxe2 Nxe5 15. dxe5 Nd7 16. f4 a5 17. b5 cxb5 18. axb5 Nxc5 19. Ba3 Bb6 20. Rc1 Rc8 21. Nd4 Re8 22. Qg4 Ne4 23. Nf5 g6 24. Nd4 Rc4 25. f5 Rxd4 26. fxg6 hxg6 27. exd4 Bxd4+ 28. Kh1 Nf2+ 29. Rxf2 Bxf2 30. Bd6 d4 31. Qf3 Be3 32. Rc7 Rf8 33. b6 Qe8 34. Bxf8 Kxf8 35. Qd5 Bf4 36. Rd7 Bg5 37. Qxd4 Qe6 38. Qd6+ Qxd6 39. exd6 Ke8 40. Rxb7 1-0


[Site "https://www.chess.com"]

[Event "Titled Tuesday Blitz October 11 Late 2022"]
[White "Borawski, Jakub"]
[Black "Dilanyan, Grigor"]
[WhiteFideId "1143000"]
[BlackFideId "13303570"]
[WhiteElo "2122"]
[BlackElo "2264"]
[Result "0-1"]
[Round "01"]
[TimeControl "180+1"]
[Date "2022.10.12"]
[WhiteClock "0:01:31"]
[BlackClock "0:02:29"]

1. d4 Nf6 2. c4 c5 3. d5 b5 4. Qc2 b4 5. e4 d6 6. h3 g6 7. Nf3 Bg7 8. Be2 O-O 9. O-O a5 10. Nbd2 a4 11. Ne1 e6 12. Nd3 exd5 13. cxd5 Ba6 14. f3 Nbd7 15. Nc4 Nb6 16. Nxb6 Qxb6 17. a3 c4+ 18. Nf2 b3 19. Qd1 Nh5 20. Rb1 Ng3 21. Re1 Bd4 22. Rf1 Nxe2+ 23. Qxe2 c3 24. Qe1 c2 25. Ra1 Bxf1 26. Qxf1 f5 27. exf5 Rxf5 28. Qe2 Re5 29. Qf1 Bxf2+ 30. Kh2 Re1 0-1


[Site "https://www.chess.com"]

[Event "Titled Tuesday Blitz October 11 Late 2022"]
[White "Bortnyk, Olexandr"]
[Black "Hajiyev, Kanan"]
[WhiteFideId "14120828"]
[BlackFideId "13404148"]
[WhiteElo "2723"]
[BlackElo "2118"]
[Result "1-0"]
[Round "01"]
[TimeControl "180+1"]
[Date "2022.10.11"]
[WhiteClock "0:01:33"]
[BlackClock "0:00:09"]

1. d4 d5 2. Nc3 c6 3. Bf4 a6 4. e3 Qb6 5. Nf3 Qxb2 6. Na4 Qa3 7. c3 Nd7 8. Qb3 e6 9. Ne5 Qxb3 10. axb3 Ngf6 11. Bd3 Nxe5 12. Bxe5 Nd7 13. b4 Nxe5 14. dxe5 Bd7 15. f4 Be7 16. Kd2 O-O 17. Nc5 Bxc5 18. bxc5 Rae8 19. Rab1 Bc8 20. g4 f6 21. Rhf1 fxe5 22. fxe5 h6 23. Bg6 Rd8 24. Kc2 Rxf1 25. Rxf1 Bd7 26. Rb1 Bc8 27. Rf1 Bd7 28. Kb3 Be8 29. Bd3 Rd7 30. Ka4 Rf7 31. Rxf7 Kxf7 32. Ka5 Bd7 33. Kb6 Bc8 34. Kc7 a5 35. Kxc8 a4 36. Kxb7 a3 37. Bb1 g5 38. Kxc6 h5 39. gxh5 Kg7 40. Kb7 Kh6 41. c6 Kxh5 42. c7 g4 43. c8=Q g3 44. hxg3 Kg4 45. Qxe6+ Kxg3 46. Qxd5 1-0


[Site "https://www.chess.com"]

[Event "Titled Tuesday Blitz October 11 Late 2022"]
[White "Boyer, Mahel"]
[Black "Urbina Perez, Juan Antonio"]
[WhiteFideId "45102422"]
[BlackFideId "2217368"]
[WhiteElo "2792"]
[BlackElo "2433"]
[Result "0-1"]
[Round "01"]
[TimeControl "180+1"]
[Date "2022.10.12"]
[WhiteClock "0:00:03"]
[BlackClock "0:00:17"]

1. e4 c5 2. Nf3 e6 3. d4 cxd4 4. Nxd4 Bc5 5. Nb3 Bb6 6. N1d2 Ne7 7. Nc4 O-O 8. Nxb6 Qxb6 9. Be3 Qb4+ 10. Qd2 Qxe4 11. Bd3 Qc6 12. O-O-O d5 13. f4 Nd7 14. h4 Nf6 15. Bd4 Ne4 16. Bxe4 dxe4 17. g4 b6 18. h5 Bb7 19. h6 g6 20. Bc3 Nd5 21. Nd4 Qc4 22. Rh3 e3 23. Rxe3 Rad8 24. b3 Qc5 25. Bb2 Nxe3 26. Qxe3 e5 27. fxe5 Rfe8 28. e6 Rxe6 29. Qf4 Be4 30. Rd2 Ree8 31. Qf6 Qe5 32. Qf2 Qg5 33. Bc3 Rc8 34. Kb2 Red8 35. a4 a6 36. Ne2 Rxd2 37. Bxd2 Qxd2 38. Qf6 Rxc2+ 39. Ka3 Ra2# 0-1


[Site "https://www.chess.com"]

[Event "Titled Tuesday Blitz October 11 Late 2022"]
[White "Cabarkapa, Novak"]
[Black "Meduri, Aakaash"]
[WhiteFideId "943746"]
[BlackFideId "2032252"]
[WhiteElo "2806"]
[BlackElo "2442"]
[Result "1-0"]
[Round "01"]
[TimeControl "180+1"]
[Date "2022.10.12"]
[WhiteClock "0:00:28"]
[BlackClock "0:00:13"]

1. e4 c5 2. a3 d5 3. exd5 Qxd5 4. Nc3 Qe6+ 5. Be2 Nc6 6. Nf3 a6 7. O-O g6 8. d4 cxd4 9. Nxd4 Nxd4 10. Qxd4 Nf6 11. Rd1 Bd7 12. Bc4 Qg4 13. Qxg4 Bxg4 14. Re1 Rc8 15. Nd5 Nxd5 16. Bxd5 Rxc2 17. Bxb7 Bg7 18. Bxa6 O-O 19. Rxe7 Rd8 20. h3 Rd1+ 21. Kh2 Bf8 22. Re8 Bd7 23. Rxf8+ Kxf8 24. Bh6+ Ke7 25. Rxd1 Rxf2 26. Rd2 Rf5 27. Be3 Bc6 28. b4 Re5 29. Bd4 Re1 30. b5 1-0


[Site "https://www.chess.com"]

[Event "Titled Tuesday Blitz October 11 Late 2022"]
[White "Castella Garcia, Fausto"]
[Black "Dardha, Daniel"]
[WhiteFideId "3501922"]
[BlackFideId "240990"]
[WhiteElo "2443"]
[BlackElo "2816"]
[Result "0-1"]
[Round "01"]
[TimeControl "180+1"]
[Date "2022.10.12"]
[WhiteClock "0:01:08"]
[BlackClock "0:01:27"]

1. e4 e5 2. Nf3 Nc6 3. Bb5 Nf6 4. O-O Nxe4 5. Re1 Nd6 6. Nxe5 Be7 7. Bd3 Nxe5 8. Rxe5 O-O 9. Nc3 c6 10. b3 Ne8 11. Bb2 d5 12. Qh5 Nf6 13. Qh4 h6 14. Rae1 Bd6 15. R5e2 Be6 16. h3 Nd7 17. Qh5 Qg5 18. Qxg5 hxg5 19. Nd1 Nc5 20. Re3 Nxd3 21. Rxd3 Bf5 22. Rf3 Bxc2 23. Ne3 Be4 0-1


[Site "https://www.chess.com"]